BSA
IRVINE GANG GREEN @ NEVADA NOISE
09/24/2028
 
TOP OF THE 1ST
Irvine Gang Green batting - Pitching for Nevada Noise : RHP Erwin Entwistle
Pitching: RHP Erwin Entwistle
Batting: LHB José Sánchez 0-0: Ground out 4-3 (Groundball, 34)
Batting: RHB Tom Doherty 0-0: Called Strike
0-1: Foul Ball, location: 2F
0-2: Strikes out swinging
Batting: LHB Víctor Quiñones 0-0: Fly out, F4 (Popup, 4)
Top of the 1st over - 0 run(s), 0 hit(s), 0 error(s), 0 left on base; Irvine 0 - Nevada 0
BOTTOM OF THE 1ST
Nevada Noise batting - Pitching for Irvine Gang Green : RHP Jung Chwa
Pitching: RHP Jung Chwa
Batting: RHB Fernando Gálvez 0-0: Called Strike
0-1: Ball
1-1: Ball
2-1: Ball
3-1: Swinging Strike
3-2: Foul Ball, location: 2F
3-2: Strikes out looking
Batting: RHB Fernando Martínez 0-0: Ball
1-0: Foul Ball, location: 2F
1-1: Fly out, F8 (Flyball, 8RXD)
Batting: SHB Julián Madrid 0-0: Ball
1-0: Ball
2-0: SOLO HOME RUN (Flyball, 89XD), Distance : 436 ft
Batting: LHB Pablo Reyes 0-0: Foul Ball, location: 2F
0-1: Ball
1-1: Ball
2-1: Called Strike
2-2: Fly out, F7 (Flyball, 7S)
Bottom of the 1st over - 1 run(s), 1 hit(s), 0 error(s), 0 left on base; Irvine 0 - Nevada 1
TOP OF THE 2ND
Irvine Gang Green batting - Pitching for Nevada Noise : RHP Erwin Entwistle
Batting: RHB Buck Jones 0-0: Called Strike
0-1: Foul Ball, location: 2F
0-2: Foul Ball, location: 2F
0-2: Ball
1-2: Ball
2-2: Foul Ball, location: 2F
2-2: Ball
3-2: Fly out, F9 (Flyball, 9)
Batting: LHB Frank Geddes 0-0: Ball
1-0: Called Strike
1-1: SINGLE (Line Drive, 34D)
Batting: RHB José Salazar 0-0: Ball
1-0: Called Strike
1-1: Foul Ball, location: 2F
1-2: Ball
2-2: Ball
3-2: Foul Ball, location: 2F
3-2: Fly out, F8 (Flyball, 8LM)
Batting: LHB Tom Baker 0-0: Foul Ball, location: 2F
0-1: Ball
1-1: SINGLE (Groundball, 2L) (infield hit)
Frank Geddes to second
Batting: RHB Eichiro Yamamoto 0-0: Ball
1-0: Ball
2-0: Ball
3-0: Called Strike
3-1: SINGLE (Line Drive, 78S)
Frank Geddes to third
Tom Baker to second
Runner from 3rd tries for Home, SAFE, no throw
Batting: RHB Don Hooper 0-0: Swinging Strike
0-1: Called Strike
0-2: Strikes out swinging
Top of the 2nd over - 1 run(s), 3 hit(s), 0 error(s), 2 left on base; Irvine 1 - Nevada 1
BOTTOM OF THE 2ND
Nevada Noise batting - Pitching for Irvine Gang Green : RHP Jung Chwa
Batting: LHB José Román 0-0: Swinging Strike
0-1: Ground out 4-3 (Groundball, 4)
Batting: RHB Vern Carlton 0-0: Swinging Strike
0-1: Ground out 6-3 (Groundball, 6)
Batting: LHB Jeff Cole 0-0: Ball
1-0: Called Strike
1-1: Ball
2-1: Foul Ball, location: 2F
2-2: Ball
3-2: Fly out, F9 (Flyball, 9S)
Bottom of the 2nd over - 0 run(s), 0 hit(s), 0 error(s), 0 left on base; Irvine 1 - Nevada 1
TOP OF THE 3RD
Irvine Gang Green batting - Pitching for Nevada Noise : RHP Erwin Entwistle
Batting: LHB José Sánchez 0-0: Ball
1-0: Fly out, F8 (Line Drive, 8LM)
Batting: RHB Tom Doherty 0-0: Ball
1-0: Called Strike
1-1: Ball
2-1: Ball
3-1: Ground out 5-3 (Groundball, 5)
Batting: LHB Víctor Quiñones 0-0: Called Strike
0-1: Foul Ball, location: 2F
0-2: Foul Ball, location: 2F
0-2: Foul Ball, location: 2F
0-2: Ball
1-2: SINGLE (Groundball, 4MD)
Batting: RHB Buck Jones 0-0: Called Strike
0-1: Foul Ball, location: 2F
0-2: Fly out, F8 (Line Drive, 89S)
Top of the 3rd over - 0 run(s), 1 hit(s), 0 error(s), 1 left on base; Irvine 1 - Nevada 1
BOTTOM OF THE 3RD
Nevada Noise batting - Pitching for Irvine Gang Green : RHP Jung Chwa
Batting: RHB José Velázquez 0-0: Ball
1-0: Fly out, F8 (Flyball, 8RS)
Batting: RHB Gustavo Rodríguez 0-0: Ball
1-0: Ground out 5-3 (Groundball, 56)
Batting: RHB Fernando Gálvez 0-0: Called Strike
0-1: Foul Ball, location: 2F
0-2: Ball
1-2: Ball
2-2: Fly out, F8 (Flyball, 8RXD)
Bottom of the 3rd over - 0 run(s), 0 hit(s), 0 error(s), 0 left on base; Irvine 1 - Nevada 1
TOP OF THE 4TH
Irvine Gang Green batting - Pitching for Nevada Noise : RHP Erwin Entwistle
Batting: LHB Frank Geddes 0-0: Ball
1-0: Called Strike
1-1: Called Strike
1-2: Ball
2-2: Strikes out swinging
Batting: RHB José Salazar 0-0: Ball
1-0: Swinging Strike
1-1: Foul Ball, location: 2F
1-2: Ball
2-2: Ball
3-2: Ground out 6-3 (Groundball, 6)
Batting: LHB Tom Baker 0-0: Ball
1-0: Ground out 4-3 (Groundball, 4S)
Top of the 4th over - 0 run(s), 0 hit(s), 0 error(s), 0 left on base; Irvine 1 - Nevada 1
BOTTOM OF THE 4TH
Nevada Noise batting - Pitching for Irvine Gang Green : RHP Jung Chwa
Batting: RHB Fernando Martínez 0-0: Ball
1-0: Ball
2-0: Foul Ball, location: 2F
2-1: Called Strike
2-2: Strikes out swinging
Batting: SHB Julián Madrid 0-0: Ball
1-0: Foul Ball, location: 2F
1-1: Ball
2-1: Called Strike
2-2: Foul Ball, location: 2F
2-2: Fly out, F9 (Flyball, 9S)
Batting: LHB Pablo Reyes 0-0: Called Strike
0-1: Ground out 4-3 (Groundball, 4)
Bottom of the 4th over - 0 run(s), 0 hit(s), 0 error(s), 0 left on base; Irvine 1 - Nevada 1
TOP OF THE 5TH
Irvine Gang Green batting - Pitching for Nevada Noise : RHP Erwin Entwistle
Batting: RHB Eichiro Yamamoto 0-0: Bunt for hit - play at first, batter safe!
Batting: RHB Don Hooper 0-0: Called Strike
0-1: Foul Ball, location: 2F
0-2: Strikes out swinging
Batting: LHB José Sánchez 0-0: Foul Ball, location: 2F
0-1: Fly out, F9 (Flyball, 9)
Batting: RHB Tom Doherty 0-0: Ball
1-0: Ball
Eichiro Yamamoto is caught stealing 2nd base
Top of the 5th over - 0 run(s), 1 hit(s), 0 error(s), 0 left on base; Irvine 1 - Nevada 1
BOTTOM OF THE 5TH
Nevada Noise batting - Pitching for Irvine Gang Green : RHP Jung Chwa
Batting: LHB José Román 0-0: Ball
1-0: Ball
2-0: Ball
3-0: Called Strike
3-1: Called Strike
3-2: Foul Ball, location: 2F
3-2: Fly out, F8 (Line Drive, 8RXD)
Batting: RHB Vern Carlton 0-0: SINGLE (Line Drive, 34)
Batting: LHB Jeff Cole 0-0: Ball
1-0: Ball
2-0: Ball
3-0: Called Strike
3-1: Fly out, F8 (Flyball, 89M)
Batting: RHB José Velázquez 0-0: Ball
1-0: Ball
2-0: Called Strike
2-1: Foul Ball, location: 2F
2-2: Ball
3-2: Ground out 4-3 (Groundball, 4M)
Bottom of the 5th over - 0 run(s), 1 hit(s), 0 error(s), 1 left on base; Irvine 1 - Nevada 1
TOP OF THE 6TH
Irvine Gang Green batting - Pitching for Nevada Noise : RHP Erwin Entwistle
Batting: RHB Tom Doherty 0-0: Ball
1-0: Ground out 4-3 (Groundball, 4)
Batting: LHB Víctor Quiñones 0-0: Ball
1-0: Ball
2-0: Ball
3-0: Base on Balls
Batting: RHB Buck Jones 0-0: Foul Ball, location: 2F
0-1: Grounds into double play, 5-4-3 (Groundball, 5L)
Top of the 6th over - 0 run(s), 0 hit(s), 0 error(s), 0 left on base; Irvine 1 - Nevada 1
BOTTOM OF THE 6TH
Nevada Noise batting - Pitching for Irvine Gang Green : RHP Jung Chwa
Batting: RHB Gustavo Rodríguez 0-0: Called Strike
0-1: Swinging Strike
0-2: Foul Ball, location: 2F
0-2: Fly out, F8 (Flyball, 8LXD)
Batting: RHB Fernando Gálvez 0-0: Swinging Strike
0-1: Fly out, F9 (Flyball, 9LM)
Batting: RHB Fernando Martínez 0-0: Ground out 6-3 (Groundball, 6)
Bottom of the 6th over - 0 run(s), 0 hit(s), 0 error(s), 0 left on base; Irvine 1 - Nevada 1
TOP OF THE 7TH
Irvine Gang Green batting - Pitching for Nevada Noise : RHP Erwin Entwistle
Batting: LHB Frank Geddes 0-0: Ball
1-0: Called Strike
1-1: Ball
2-1: Fly out, F4 (Flyball, 4D)
Batting: RHB José Salazar 0-0: Ball
1-0: Called Strike
1-1: Foul Ball, location: 2F
1-2: SINGLE (Groundball, 34D)
Batting: LHB Tom Baker 0-0: Ball
1-0: Fly out, F7 (Flyball, 7LM)
Pinch Hitting: LHB Leonardo Medina 0-0: Ball
1-0: SINGLE (Line Drive, 34D)
José Salazar to second
Runner from 2nd tries for 3rd, SAFE, throw made to third
Pinch Hitting: LHB José Esparza 0-0: Ball
1-0: Fielders Choice at 2nd, 4-6 (Groundball, 4)
Top of the 7th over - 0 run(s), 2 hit(s), 0 error(s), 1 left on base; Irvine 1 - Nevada 1
BOTTOM OF THE 7TH
Nevada Noise batting - Pitching for Irvine Gang Green : RHP Jung Chwa
Now at SS: Ronnie Brown
Now in LF: Tony Tavárez
Batting: SHB Julián Madrid 0-0: Ball
1-0: Fly out, F8 (Flyball, 78M)
Batting: LHB Pablo Reyes 0-0: Ball
1-0: Ball
2-0: Foul Ball, location: 2F
2-1: Called Strike
2-2: Ball
3-2: Strikes out swinging
Batting: LHB José Román 0-0: Ball
1-0: Swinging Strike
1-1: Ball
2-1: Swinging Strike
2-2: Strikes out swinging
Bottom of the 7th over - 0 run(s), 0 hit(s), 0 error(s), 0 left on base; Irvine 1 - Nevada 1
TOP OF THE 8TH
Irvine Gang Green batting - Pitching for Nevada Noise : RHP Erwin Entwistle
Batting: LHB José Sánchez 0-0: Ball
1-0: Ground out U3 (Groundball, 34)
Batting: RHB Tom Doherty 0-0: Swinging Strike
0-1: SINGLE (Groundball, 56) (infield hit)
Batting: LHB Víctor Quiñones 0-0: Called Strike
0-1: Foul Ball, location: 2F
0-2: SINGLE (Line Drive, 3D)
Tom Doherty to second
Batting: RHB Buck Jones 0-0: Swinging Strike
0-1: Called Strike
0-2: Ball
1-2: Fly out, F8 (Flyball, 8LS)
Batting: LHB Frank Geddes 0-0: Ball
1-0: Swinging Strike
Balk!
Tom Doherty to third
Víctor Quiñones to second
1-1: Fly out, F6 (Popup, 56D)
Top of the 8th over - 0 run(s), 2 hit(s), 0 error(s), 2 left on base; Irvine 1 - Nevada 1
BOTTOM OF THE 8TH
Nevada Noise batting - Pitching for Irvine Gang Green : RHP Jung Chwa
Pinch Hitting: LHB Willie Wallace 0-0: Swinging Strike
0-1: Swinging Strike
0-2: Ball
1-2: Foul Ball, location: 2F
1-2: Strikes out looking
Batting: LHB Jeff Cole 0-0: Called Strike
0-1: Ball
1-1: Ball
2-1: Ball
3-1: Called Strike
3-2: Foul Ball, location: 2F
3-2: Foul Ball, location: 2F
3-2: Fly out, F9 (Flyball, 89M)
Pinch Hitting: LHB Stanley Mullins 0-0: Ground out U3 (Groundball, 34)
Bottom of the 8th over - 0 run(s), 0 hit(s), 0 error(s), 0 left on base; Irvine 1 - Nevada 1
TOP OF THE 9TH
Irvine Gang Green batting - Pitching for Nevada Noise : RHP Erwin Entwistle
Pitching: RHP Jorge Pérez
Now at 1B: Rich Ruffin
Now at SS: Pepe González
Batting: RHB José Salazar 0-0: Called Strike
0-1: Foul Ball, location: 2F
0-2: Ball
1-2: Ground out 5-3 (Groundball, 56)
Batting: LHB Tom Baker 0-0: Called Strike
0-1: Foul Ball, location: 2F
0-2: Strikes out looking
Batting: RHB Ronnie Brown 0-0: Ball
1-0: Ball
2-0: Foul Ball, location: 2F
2-1: Called Strike
2-2: Foul Ball, location: 2F
2-2: Strikes out looking
Top of the 9th over - 0 run(s), 0 hit(s), 0 error(s), 0 left on base; Irvine 1 - Nevada 1
BOTTOM OF THE 9TH
Nevada Noise batting - Pitching for Irvine Gang Green : RHP Jung Chwa
Batting: RHB Gustavo Rodríguez 0-0: Ball
1-0: Fly out, F9 (Flyball, 9LM)
Batting: RHB Fernando Gálvez 0-0: Called Strike
0-1: SOLO HOME RUN (Flyball, 78XD), Distance : 388 ft
Tuesday, August 8th, 2017 - OOTP Baseball 17.12 Build 75